 Dungeon Crawl Stone Soup version 0.22.1 (webtiles) character file.

236 Oink the Ruffian (level 5, -5/53 HPs)
             Began as a Troll Monk on Sept 19, 2018.
             Slain by a gnoll
             ... wielding a +0 halberd
              (13 damage)
             ... on level 4 of the Dungeon.
             The game lasted 00:04:12 (1837 turns).

Oink the Ruffian (Troll Monk)                       Turns: 1837, Time: 00:04:13

Health: -5/53      AC:  5    Str: 19    XL:     5   Next: 77%
Magic:  4/4        EV: 11    Int:  7    God:
Gold:   193        SH:  0    Dex: 12    Spells: 4/4 levels left

rFire    . . .     SeeInvis .     - Unarmed
rCold    . . .     Gourm    +   (no shield)
rNeg     . . .     Faith    .   a - +0 robe
rPois    .         Spirit   .   (helmet restricted)
rElec    .         Reflect  .   (no cloak)
rCorr    .         Harm     .   (gloves unavailable)
MR       .....                  (boots unavailable)
Stlth    ++........             (no amulet)
HPRegen  0.57/turn              (no ring)
MPRegen  0.09/turn              (no ring)

@: no status effects
A: large, unfitting armour, claws 3, fast metabolism 3, gourmand, regeneration
1, shaggy fur 1, tough skin 2
a: no special abilities


You were on level 4 of the Dungeon.
You were very full.

You visited 1 branch of the dungeon, and saw 4 of its levels.

You collected 193 gold pieces.

Inventory:

Armour
 a - a +0 robe (worn)
Wands
 r - a wand of iceblast (5)
Scrolls
 c - 4 scrolls of remove curse {unknown}
 e - 2 scrolls of teleportation {unknown}
 f - 3 scrolls of identify {unknown}
 i - 2 scrolls of enchant armour {unknown}
 o - a scroll of magic mapping {unknown}
 p - a scroll of random uselessness {unknown}
Potions
 d - a potion of mutation {unknown}
 g - a potion of brilliance {unknown}
 h - a potion of heal wounds {unknown}
 j - a potion of magic {unknown}
 l - 2 potions of curing {unknown}
 m - 2 potions of ambrosia {unknown}
 n - a potion of degeneration {unknown}
 q - 3 potions of flight {unknown}
 s - 2 potions of berserk rage {unknown}
Comestibles
 b - 5 rations


   Skills:
 + Level 3.1 Fighting
 - Level 3.1 Dodging
 - Level 1.0 Stealth
 + Level 5.5 Unarmed Combat


You had 4 spell levels left.
You didn't know any spells.
Your spell library was empty.

Dungeon Overview and Level Annotations

Branches:
Dungeon (4/15)
 Temple: D:4-7

Altars:
Yredelemnul


Innate Abilities, Weirdness & Mutations

You are too large for most types of armour.
You have claws for hands.
Your metabolism is lightning-fast.
You like to eat raw meat.
Your natural rate of healing is unusually fast.
You are covered in fur. (AC +1)
You have very tough skin. (AC +2)


Message History

a club; a robe; a gnoll corpse The gnoll hits you with a halberd.
The gnoll hits you from afar with a halberd!
You claw the gnoll!
The gnoll is severely wounded.
The gnoll barely misses you.
You closely miss the gnoll.
The gnoll is severely wounded.
The gnoll hits you from afar with a halberd.
You barely miss the gnoll.
The gnoll is severely wounded.
The gnoll hits you with a halberd. The gnoll closely misses you.
The gnoll hits you with a halberd.
* * * LOW HITPOINT WARNING * * *
The gnoll hits you from afar with a halberd!
* * * LOW HITPOINT WARNING * * *
Things that are here:
a club; a robe; a gnoll corpse The gnoll hits you from afar with a halberd!
You die...

#
##########.#
#....<@).#.#
#.######g#.#
#g..#
#..######
#(..g....
##.#.....
.#..ยง.. .#
.... .. ..#.


You could see a gnoll.

Vanquished Creatures
  A howler monkey (D:2)
  A gnoll shaman (D:4)
  3 gnolls (D:2)
  6 adders
  2 oozes
  A worm (D:2)
  2 dart slugs
  2 leopard geckos
  5 ball pythons
  A giant cockroach (D:2)
  8 goblins
  11 hobgoblins
  2 quokkas
  9 bats
  5 frilled lizards
  5 kobolds
  8 rats
72 creatures vanquished.

Notes
Turn   | Place    | Note
-------+----------+-------------------------------------------
     0 | D:1      | Oink the Troll Monk began the quest for the Orb.
     0 | D:1      | Reached XP level 1. HP: 22/22 MP: 0/0
    71 | D:1      | Reached XP level 2. HP: 29/29 MP: 1/1
   458 | D:2      | Reached XP level 3. HP: 36/36 MP: 2/2
   645 | D:2      | Reached XP level 4. HP: 28/44 MP: 3/3
   677 | D:2      | Reached skill level 4 in Unarmed Combat
   972 | D:2      | Reached XP level 5. HP: 50/53 MP: 4/4
  1064 | D:3      | Found a basalt altar of Yredelemnul.
  1152 | D:3      | Reached skill level 5 in Unarmed Combat
  1175 | D:3      | Found a faded altar of an unknown god.
  1807 | D:4      | Noticed a phantom
  1837 | D:4      | Slain by a gnoll

Skill      XL: |  1  2  3  4  5 |
---------------+----------------+-----
Dodging        | 3 |  3.1
Unarmed Combat | 4 5 |  5.5
Fighting       | 3 |  3.1
Stealth        | |  1.0

Action                   |  1- 3 |  4- 6 || total
-------------------------+-------+-------++-------
Melee: Unarmed           |    96 |    86 ||   182
       Punch             |       |     1 ||     1
 Stab: Sleeping          |       |     4 ||     4
  Eat: Chunk             |    11 |    10 ||    21
Armor: Robe              |    46 |    22 ||    68
Dodge: Dodged            |    59 |    61 ||   120
